AoeStats
← ulles

Arena

510600327Analyzed
2v2 RM · 2d ago on Oct 1, 2026· 36m 5s· 4 players
Game mode
Random Map
Map size
Medium (4 player)
Population
200
Speed
Normal
Resources
Standard
Victory
Conquest
Starting age
Dark Age
Ending age
Imperial Age
RankedLock teamsTeams togetherTeam positionsShared explorationLock speedFull tech treeHidden civsTurbo modeCheats
Victory
Defeat
🇩🇪 Danes · Germany
1264
+11
🇩🇪 Tupi · Germany
1204
+13
1215
-14
🇲🇽 Malians · Mexico
1079
-10
youtube.com/@Radio_Latex
10:38 Feudal Age
14:57 Castle Age
12:53 Horse Collar
25:19 Gold Mining
30:26 Imperial Age
28:39 Corvinian Army
29:09 Scale Barding Armor
30:37 Wheelbarrow
29:50 Double-Bit Axe
31:17 Chain Barding Armor
32:44 Plate Barding Armor
LaUlrich
11:29 Feudal Age
13:11 Loom
16:12 Castle Age
15:33 Double-Bit Axe
15:31 Horse Collar
26:52 Forging
29:41 Scale Mail Armor
31:53 Iron Casting
31:34 Chain Mail Armor
laggysnapy
10:17 Feudal Age
11:01 Loom
15:11 Castle Age
14:25 Double-Bit Axe
25:51 Fletching
30:02 Imperial Age
27:57 Fletching
29:25 Bodkin Arrow
35:03 Bracer
ulles
10:24 Feudal Age
10:44 Loom
14:02 Castle Age
12:19 Double-Bit Axe
15:40 Forging
18:10 Arson
19:47 Squires
22:57 Horse Collar
25:02 Wheelbarrow
24:48 Gold Mining
25:38 Gambesons
26:28 Scale Mail Armor
27:17 Heavy Plow
28:26 Chain Mail Armor
30:30 Iron Casting
34:40 Pikeman
39:11 Imperial Age
Connection lost

Rejoining the realm…

Still unreachable

The connection could not be restored.

Session expired

The server has moved on; the page needs a fresh start.